 Dungeon Crawl Stone Soup version 0.23-a0-301-g9da9e51 (webtiles) character file.

34 Amnesiac the Digger (level 3, -9/31 HPs)
             Began as a Troll Earth Elementalist on Oct 7, 2018.
             Mangled by an ogre
             ... wielding a +0 giant spiked club
              (27 damage)
             ... on level 4 of the Dungeon.
             The game lasted 00:02:21 (357 turns).

Amnesiac the Digger (Troll Earth Elementalist)       Turns: 357, Time: 00:02:21

Health: -9/31      AC:  5    Str: 16    XL:     3   Next: 14%
Magic:  0/3        EV: 10    Int: 12    God:
Gold:   65         SH:  0    Dex: 10    Spells: 1/4 levels left

rFire    . . .     SeeInvis .     - Unarmed
rCold    . . .     Gourm    +   (no shield)
rNeg     . . .     Faith    .   c - +0 robe
rPois    .         Spirit   .   (helmet restricted)
rElec    .         Reflect  .   (no cloak)
rCorr    .         Harm     .   (gloves unavailable)
MR       .....                  (boots unavailable)
Stlth    ++........             (no amulet)
HPRegen  0.50/turn              (no ring)
MPRegen  0.08/turn              (no ring)

@: no status effects
A: large, unfitting armour, claws 3, fast metabolism 3, gourmand, regeneration
1, shaggy fur 1, tough skin 2
a: no special abilities


You were on level 4 of the Dungeon.
You were completely stuffed.

You visited 1 branch of the dungeon, and saw 4 of its levels.

You collected 65 gold pieces.

Inventory:

Missiles
 b - 39 stones (quivered)
Armour
 c - a +0 robe (worn)
Scrolls
 a - 3 scrolls of identify {!r, unknown}
 e - a scroll of magic mapping {!r, unknown}
 h - a scroll of teleportation {!r, unknown}
 i - a scroll of enchant armour {!r, unknown}
Potions
 f - a potion of flight {!q, unknown}
Comestibles
 d - 2 rations
 g - 4 chunks of flesh


   Skills:
 - Level 1.5 Dodging
 + Level 1.3 Stealth
 * Level 2.3 Unarmed Combat
 - Level 1.2 Spellcasting
 - Level 0.6 Transmutations
 - Level 2.6 Earth Magic


You had one spell level left.
You knew the following spells:

 Your Spells              Type           Power        Failure   Level  Hunger
a - Sandblast             Erth           #.....       10%         1    ##.....
b - Passwall              Tmut/Erth      #.......     22%         2    ###....

Your spell library contained the following spells:

 Spells                   Type           Power        Failure   Level  Hunger
 Beastly Appendage        Tmut           #.....       24%         1    ##.....
 Sticks to Snakes         Tmut           #.......     34%         2    ###....
 Stone Arrow              Conj/Erth      #.....       45%         3    ####...
 Spider Form              Tmut/Pois      #.........   61%         3    ####...
 Petrify                  Tmut/Erth      #.......     83%         4    #####..
 Ice Form                 Ice/Tmut       #.......     95%         4    #####..
 Lee's Rapid Deconstruct  Erth           #.........   95%         5    ######.
 Blade Hands              Tmut           #.........   100%        5    ######.


Dungeon Overview and Level Annotations

Branches:
Dungeon (4/15)
 Temple: D:4-7

Altars:


Innate Abilities, Weirdness & Mutations

You are too large for most types of armour.
You have claws for hands.
Your metabolism is lightning-fast.
You like to eat raw meat.
Your natural rate of healing is unusually fast.
You are covered in fur. (AC +1)
You have very tough skin. (AC +2)


Message History

You see here an orc skeleton.
Items here: )) [ † a dagger; a ring mail; a dagger; an orc corpse You see here an orc skeleton.
You see here a dagger.
You see here an orc skeleton.
You now have 60 gold pieces (gained 11).
As you open the door, it creaks loudly!
There is an open door here.
There is a stone staircase leading up here.
You climb upwards.
There is a stone staircase leading down here.
You climb downwards.
There is a stone staircase leading up here.
Eating one of 5 chunks of flesh.
You eat one of the 5 chunks of flesh.
This raw flesh tastes great.
There is a stone staircase leading down here.
You climb downwards.
Found 5 gold pieces and a scroll labeled JAOV EL UPULAQ.
There is a stone staircase leading up here.
You now have 65 gold pieces (gained 5).
An ogre comes into view. It is wielding a giant spiked club.
The ogre shouts!
A jackal comes into view.
a - 3 scrolls labeled JAOV EL UPULAQ {!r} (gained 1)
There are no items here.
Cast which spell? (? or * to list)
Aiming: Sandblast (safe; 10% risk of failure)
Press: ? - help, Shift-Dir - straight line, f - ogre
Aim: an ogre, wielding a giant spiked club The blast of sand hits the ogre.
The ogre is moderately wounded.
b - 41 stones The ogre hits you with a giant spiked club.
Casting: Sandblast (safe; 10% risk of failure)
Confirm with . or Enter, or press ? or * to list all spells.
Aiming: Sandblast (safe; 10% risk of failure)
Press: ? - help, Shift-Dir - straight line, f/p - ogre
Aim: an ogre, wielding a giant spiked club (moderately wounded)
The blast of sand hits the ogre.
The ogre is moderately wounded.
b - 40 stones
Casting: Sandblast (safe; 10% risk of failure)
Confirm with . or Enter, or press ? or * to list all spells.
Aiming: Sandblast (safe; 10% risk of failure)
Press: ? - help, Shift-Dir - straight line, f/p - ogre
Aim: an ogre, wielding a giant spiked club (moderately wounded)
The blast of sand hits the ogre.
The ogre is severely wounded.
b - 39 stones The ogre barely misses you.
Casting: Sandblast (safe; 10% risk of failure)
Confirm with . or Enter, or press ? or * to list all spells.
You don't have enough magic to cast that spell.
You scratch the ogre.
The ogre is severely wounded.
The ogre hits you with a giant spiked club!
You barely miss the ogre.
The ogre is severely wounded.
You barely miss the ogre.
The ogre is severely wounded.
The ogre hits you with a giant spiked club!!
Ouch! That really hurt!
You die...

... ...#
#.#.#..!#
..... ...
#.#.. ...
#.#.# #.#
#.#.# #.# #
#.#.# #.###.#
#@#.###..<..#
#.Oh...###..#
###.##.# ..#
...##.# ....
#...##.#
.####
#..###.# .#
... ... .#
##.. ... ..
#h. #.#


You could see an ogre and a jackal.

Vanquished Creatures
  A leopard gecko (D:1)
  5 orcs (D:3)
  A bat (D:1)
  3 goblins (D:2)
  10 jackals
  A frilled lizard (D:2)
  2 rats
23 creatures vanquished.

Notes
Turn   | Place    | Note
-------+----------+-------------------------------------------
     0 | D:1      | Amnesiac the Troll Earth Elementalist began the quest for
                  | the Orb.
     0 | D:1      | Reached XP level 1. HP: 16/16 MP: 1/1
   110 | D:1      | Reached skill level 1 in Unarmed Combat
   114 | D:1      | Reached XP level 2. HP: 24/24 MP: 2/2
   129 | D:1      | Learned a level 2 spell: Passwall
   149 | D:1      | You fall through a shaft!
   288 | D:3      | Reached XP level 3. HP: 20/31 MP: 3/3
   345 | D:4      | Noticed an ogre
   357 | D:4      | Mangled by an ogre

Vault maps used:
D:1:      nzn_arrival_depleted_hourglass
D:2:      cheibrodos_pilgrimage, marbit_many_paths,
          nicolae_gozag_zags_fifth_avenue
D:3:      overflow_temple_1_default, grunt_temple_overflow_holy_war,
          vehumet_crystals, nicolae_overflow_crystal_walls, eino_tiny_chamber
D:4:      nicolae_dithmenos_through_a_glass_darkly,
          minmay_temple_entry_purple_smoke

Skill      XL: |  1  2 |
---------------+-------+-----
Unarmed Combat | 1 2 |  2.3
Dodging        | |  1.5
Stealth        | |  1.3
Spellcasting   | |  1.2
Transmutations | |  0.6
Earth Magic    | |  2.6

Action                   || total
-------------------------++-------
Melee: Unarmed           ||    77
 Cast: Sandblast         ||     3
  Eat: Chunk             ||     9
Armor: Robe              ||    26
Dodge: Dodged            ||    52

Table legend:
 A = Non-vault XP
 B = Vault XP
 C = Vault XP percentage of total XP
 D = Non-vault monster count
 E = Vault monster count
 F = Vault count percentage of total count
                 A         B        C        D         E       F
            +---------+---------+-------+---------+---------+-------
      Total |      49 |       0 |   0.0 |      23 |       0 |   0.0
            +---------+---------+-------+---------+---------+-------
        D:1 |      14 |       0 |   0.0 |       7 |       0 |   0.0
        D:2 |      20 |       0 |   0.0 |      11 |       0 |   0.0
        D:3 |      15 |       0 |   0.0 |       5 |       0 |   0.0
            +---------+---------+-------+---------+---------+-------
